 Dungeon Crawl Stone Soup version 0.30-a0-341-g682706514a (webtiles) character file.

Game seed: 11541394064263877134

3693 tilp the Scholar of Death (level 9, -2/66 HPs)
             Began as a Mummy Necromancer on Nov 1, 2022.
             Was a Follower of Kikubaaqudgha.
             Slain by a thrashing horror (10 damage)
             ... on level 1 of the Abyss.
             The game lasted 00:16:00 (9323 turns).

tilp the Scholar of Death (Mummy Necromancer)       Turns: 9323, Time: 00:16:01

Health: -2/66      AC: 13    Str: 17    XL:     9   Next: 90%
Magic:  17/17      EV: 13    Int: 18    God:    Kikubaaqudgha [*.....]
Gold:   418        SH:  0    Dex: 13    Spells: 3/18 levels left

rFire   + . .      SeeInvis +    a - +7 hand axe of Xuchimyu {freeze, Fragile rPois rF++ SInv}
rCold   + . .      Faith    +    (no shield)
rNeg    + + +      Spirit   .    E - +2 robe {Archmagi}
rPois   ∞          Reflect  .    (no helmet)
rElec   .          Harm     .    v - +2 cloak
rCorr   .          Rampage  .    b - +1 pair of gloves
Will    +....      Archmagi +    (no boots)
Stlth   ++........               (no amulet)
HPRegen 0.31/turn                p - +6 ring of strength
MPRegen 0.15/turn                j - +4 ring of protection

@: about to teleport
A: cold resistance 1, negative energy resistance 3, torment resistance 2, heat
vulnerability 1, in touch with death 1, no potions, faith
a: Renounce Religion, Unearth Wretches


You were on level 1 of the Abyss.
You worshipped Kikubaaqudgha.
Kikubaaqudgha was aware of your devotion.
You visited 2 branches of the dungeon, and saw 9 of its levels.
You visited the Abyss 1 time.

You collected 418 gold pieces.

Inventory:

Hand Weapons
 a - the +7 hand axe of Xuchimyu (weapon) {freeze, Fragile rPois rF++ SInv}
   (You found it on level 7 of the Dungeon)

   It freezes those it strikes, dealing additional cold damage.
   It can also slow down cold-blooded creatures.
   rF:        It greatly protects you from fire.
   rPois:     It protects you from poison.
   SInv:      It lets you see invisible.
   Fragile:   It will be destroyed if unequipped.
 x - a +4 antimagic hand axe
 C - a +2 short sword of freezing
 D - a +2 short sword of draining
Missiles
 g - 82 stones (quivered)
 A - 7 silver boomerangs
Armour
 b - a +1 pair of gloves (worn)
 v - a +2 cloak (worn)
 E - a +2 robe of the Archmagi (worn)
Jewellery
 e - a ring of fire
 i - a ring of resist corrosion
 j - a +4 ring of protection (right hand)
 p - a +6 ring of strength (left hand)
Wands
 k - a wand of roots (2)
 q - a wand of light (12)
 r - a wand of flame (11)
 u - a wand of charming (9)
 B - a wand of polymorph (16)
Scrolls
 c - a scroll of fog
 f - 3 scrolls of poison
 h - 4 scrolls of immolation
 m - a scroll of enchant weapon
 s - a scroll of teleportation
 t - a scroll of vulnerability {unknown}
 w - a scroll of magic mapping {unknown}
 y - 2 scrolls of noise {unknown}


   Skills:
 + Level 4.3 Fighting
 + Level 3.3 Dodging
 - Level 4.0 Stealth
 + Level 5.4 Spellcasting
 + Level 1.0 Conjurations
 + Level 6.2 Hexes
 + Level 8.1 Necromancy
 + Level 1.1 Air Magic
 + Level 1.2 Poison Magic
 + Level 4.2 Evocations


You had 3 spell levels left.
You knew the following spells:

 Your Spells              Type           Power      Damage    Failure   Level
a - Necrotise             Necr           100%       1d9       1%          1
b - Vampiric Draining     Necr           67%        2d10      1%          3
c - Animate Dead          Necr           67%        N/A       4%          4
d - Anguish               Hex/Necr       31%        N/A       7%          4
e - Kiss of Death         Conj/Necr      100%       2d13      1%          1
f - Cigotuvi's Dreadful   Necr/Pois/Air  78%        N/A       4%          2

Your spell library contained the following spells:

 Spells                   Type           Power      Damage    Failure   Level
 Ensorcelled Hibernation  Hex/Ice        48%        N/A       5%          2
 Freeze                   Ice            28%        1d5       13%         1
 Passwall                 Tmut/Erth      5%         N/A       19%         2
 Swiftness                Air            13%        N/A       24%         3
 Hailstorm                Conj/Ice       10%        3d5       30%         3
 Stone Arrow              Conj/Erth      20%        3d8       30%         3
 Frozen Ramparts          Ice            14%        1d3       36%         3
 Ozocubu's Armour         Ice            7%         N/A       36%         3
 Agony                    Necr           67%        N/A       12%         5
 Animate Armour           Summ/Erth      14%        N/A       77%         4
 Enfeeble                 Hex            20%        N/A       100%        7
 Ozocubu's Refrigeration  Ice            3%         4d8       100%        7
 Lehudib's Crystal Spear  Conj/Erth      5%         10d3      100%        8


Dungeon Overview and Level Annotations

Branches:
Dungeon (8/15)             Temple (1/1) D:4
   Lair: D:8-11

Altars:
Ashenzari
Cheibriados
Fedhas
Gozag
Hepliaklqana
Kikubaaqudgha
Nemelex Xobeh
Okawaru
Qazlal
Ru
Trog
Uskayaw
Vehumet
Wu Jian
Xom
Yredelemnul

Annotations:
D:1 dig vault
D:6 3 runed translucent doors, Gonzollydolly's ghost, novice FoHu
D:8 Psyche


Innate Abilities, Weirdness & Mutations

You are immune to poison.
Your flesh is cold resistant. (rC+)
You are immune to negative energy. (rN+++)
You are immune to unholy pain and torment.
You are vulnerable to heat. (rF-)
You are in touch with the powers of death.
You do not drink.
You have a special connection with the divine. (Faith)


Message History

Casting: Vampiric Draining (safe; 1% risk of failure)
Confirm with . or Enter, or press ? or * to list all spells.
You can't see any susceptible monsters within range! (Use Z to cast anyway.) Unknown command.
Unknown command.
You hit the thrashing horror. You freeze the thrashing horror.
The thrashing horror is severely damaged.
The thrashing horror tramples you!
* * * LOW HITPOINT WARNING * * *
You hold your ground!
The thrashing horror barely misses you.
The thrashing horror tramples you but does no damage.
The thrashing horror tramples you.
* * * LOW HITPOINT WARNING * * *
You stumble backwards!
Tentacles burst from the starspawn's body! 2 starspawn tentacles come into view.
You closely miss the thrashing horror.
The thrashing horror is severely damaged.
The thrashing horror completely misses you.
The thrashing horror closely misses you.
The starspawn tentacle grabs you. The starspawn tentacle constricts you.
The thrashing horror churns violently!
The thrashing horror seems to grow stronger.
You escape the starspawn tentacle's grasp.
Unknown command.
As you read the scroll of teleportation, it crumbles to dust.
You feel strangely unstable.
You feel the power of the Abyss delaying your translocation!
The thrashing horror tramples you!
* * * LOW HITPOINT WARNING * * *
You hold your ground!
The thrashing horror barely misses you.
Unknown command.
Unknown command.
Unknown command.
As you read the scroll of fear, it crumbles to dust.
You assume a fearsome visage.
The tentacled starspawn is unaffected.
The ufetubus looks frightened!
The thrashing horror is unaffected.
The thrashing horror tramples you!
You die...
Kikubaaqudgha rasps: "You have failed me!
Welcome... oblivion!"

#......#..#.#
#... #...#
..§..##.#..
#..
#..###.....
#.# . # ##
#..#. #..# ..
. #. #.....##.
.#.#.#.#.. ..
. #.# #..#.##
#..
#..####.....#.
. # #@.##.## #
# #X#.....#
#.#.##.##
..5X.>. ....
..# #.....X5..
#........ #
#.........#
##### .....


You could see a tentacled starspawn, a thrashing horror (strong) and an ufetubus
(fleeing).

Vanquished Creatures
  Pikel (D:4)
  A troll (D:8)
  Edmund (D:6)
  5 water moccasins
  An orc warrior (D:6)
  A black bear (D:7)
  An ogre (D:5)
  3 phantoms
  A gnoll sergeant (D:8)
  A bullfrog (D:6)
  6 wights
  A jelly (D:5)
  3 hounds
  3 orc priests
  A gnoll bouda (D:7)
  Jessica (D:2)
  5 iguanas
  Terence (D:2)
  2 orc wizards
  13 gnolls
  6 adders
  2 white imps (D:5)
  An ufetubus (D:4)
  2 worms (D:4)
  10 dart slugs (D:3)
  15 orcs
  8 endoplasms
  4 giant cockroaches
  10 goblins
  10 hobgoblins
  4 jackals (D:2)
  5 kobolds
  A quokka (D:3)
  6 ball pythons
  5 bats
  A frilled lizard (D:2)
  6 rats
148 creatures vanquished.

Vanquished Creatures (collateral kills)
  A sky beast (D:7)
  An ice beast (D:7)
  2 wights (D:7)
  A gnoll (D:2)
  2 orcs
  A goblin (D:2)
  A frilled lizard (D:1)
9 creatures vanquished.

Vanquished Creatures (others)
  Prince Ribbit (D:6)
  A slime creature (D:8)
  A yak (D:7)
  A steam dragon (D:8)
  A water moccasin (D:7)
  An orc warrior (D:5)
  2 wights (D:7)
  A water moccasin zombie (D:7)
  An orc wizard (D:7)
  A gnoll (D:7)
  A gnoll zombie (D:7)
  A kobold (D:7)
  A kobold zombie (D:7)
  4 orc zombies
  2 starspawn tentacles (Abyss:1)
20 creatures vanquished.

Grand Total: 177 creatures vanquished

Notes
Turn   | Place    | Note
-------+----------+-------------------------------------------
     0 | D:1      | tilp the Mummy Necromancer began the quest for the Orb.
     0 | D:1      | Reached XP level 1. HP: 13/13 MP: 4/4
   311 | D:1      | Reached XP level 2. HP: 20/20 MP: 5/5
   500 | D:1      | Reached skill level 1 in Fighting
  1042 | D:2      | Noticed Jessica
  1046 | D:2      | Killed Jessica
  1047 | D:2      | Gained mutation: You are in touch with the powers of death.
                  | [Mummy growth]
  1047 | D:2      | Reached XP level 3. HP: 26/26 MP: 5/7
  1166 | D:2      | Learned a level 3 spell: Vampiric Draining
  1209 | D:2      | Reached XP level 4. HP: 23/33 MP: 2/8
  1374 | D:2      | Reached skill level 5 in Necromancy
  1691 | D:2      | Noticed Terence
  2192 | D:3      | Reached XP level 5. HP: 38/38 MP: 9/9
  2533 | D:3      | Learned a level 4 spell: Anguish
  3127 | D:4      | Noticed Pikel
  3127 | D:4      | Noticed a lemure
  3127 | D:4      | Noticed a lemure
  3147 | D:4      | Noticed a lemure
  3150 | D:4      | Noticed a lemure
  3158 | D:4      | Killed Pikel
  3159 | D:4      | Reached skill level 6 in Necromancy
  3159 | D:4      | Reached XP level 6. HP: 25/44 MP: 1/10
  3159 | D:4      | Reached XP level 7. HP: 29/50 MP: 1/11
  3587 | D:4      | Found a staircase to the Ecumenical Temple.
  3633 | D:4      | Reached skill level 1 in Evocations
  3652 | Temple   | Entered the Ecumenical Temple
  3992 | Temple   | Became a worshipper of Kikubaaqudgha
  4036 | D:4      | You fall into a shaft and drop 1 floor!
  4036 | D:5      | Entered Level 5 of the Dungeon
  4154 | D:5      | Reached XP level 8. HP: 30/57 MP: 13/13
  4699 | D:5      | Reached skill level 7 in Necromancy
  5716 | D:2      | Killed Terence
  5888 | D:6      | Noticed Gonzollydolly's ghost (novice FoHu)
  5891 | D:6      | Found a runed translucent gate.
  5891 | D:6      | Found a runed translucent gate.
  5892 | D:6      | Found a runed translucent gate.
  6264 | D:6      | Noticed Edmund
  6272 | D:6      | Killed Edmund
  6280 | D:6      | Learned a level 4 spell: Animate Dead
  6529 | D:6      | Reached XP level 9. HP: 58/65 MP: 2/16
  6545 | D:6      | Reached skill level 5 in Hexes
  6545 | D:6      | Reached * piety under Kikubaaqudgha
  6545 | D:6      | Received a gift from Kikubaaqudgha
  6549 | D:6      | Learned a level 1 spell: Kiss of Death
  6552 | D:6      | Learned a level 2 spell: Cigotuvi's Dreadful Rot
  6801 | D:6      | Noticed Prince Ribbit
  6810 | D:6      | Killed Prince Ribbit
  6811 | D:6      | Reached skill level 5 in Spellcasting
  7298 | D:7      | Reached skill level 8 in Necromancy
  7670 | D:7      | HP: 2/65 [gnoll/+0 flail[a gnoll bouda] (4)]
  8005 | D:7      | Identified the +7 hand axe of Xuchimyu {freeze, Fragile
                  | rPois rF++ SInv}
  8763 | D:8      | Noticed Psyche
  9029 | D:8      | Reached skill level 1 in Poison Magic
  9068 | D:8      | Reached skill level 1 in Air Magic
  9118 | D:8      | Reached skill level 1 in Conjurations
  9257 | Abyss:1  | Cast into level 1 of the Abyss (Psyche)
  9279 | Abyss:1  | Noticed a large abomination
  9296 | Abyss:1  | Noticed a tentacled starspawn
  9310 | Abyss:1  | Noticed a thrashing horror
  9317 | Abyss:1  | Noticed a tentacled starspawn
  9323 | Abyss:1  | Slain by a thrashing horror

Illustrated notes

Levels and vault maps discovered:
D:1:      psy_arrival_wood_between_worlds, layout_basic, grunt_decor_arrowhead,
          due_unseen_surprise
D:2:      cheibrodos_greedy_goblins, layout_loops_ring, uniq_terence,
          uniq_jessica
D:3:      kennysheep_slugbush, layout_rooms
D:4:      layout_basic, minmay_temple_entry_offerings, uniq_pikel
D:5:      layout_loops_ring
D:6:      layout_gridville, mainiacjoe_overflow_alcove_1, gammafunk_ghost_split,
          hangedman_decor_opposing, minmay_misc_feat_encased, uniq_edmund,
          uniq_prince_ribbit1
D:7:      layout_gridville, minmay_misc_feat_cross
D:8:      layout_cave_pods, uniq_psyche
Temple:   dpeg_five_rooms_temple
Abyss:1:  base:
D:6

Skill      XL: |  1  2  3  4  5  6  7  8  9 |
---------------+----------------------------+-----
Fighting       | 1 2 3 4 |  4.3
Spellcasting   | 3 4 5 |  5.4
Stealth        | 2 3 4 |  4.0
Dodging        | 2 3 |  3.3
Necromancy     | 5 6 7 8 |  8.1
Hexes          | 4 6 |  6.2
Evocations     | 1 2 4 |  4.2
Poison Magic   | 1 |  1.2
Air Magic      | 1 |  1.1
Conjurations   | 1 |  1.0

Action                   |  1- 3 |  4- 6 |  7- 9 || total
-------------------------+-------+-------+-------++-------
Melee: Unarmed           |     2 |       |       ||     2
       Short sword       |       |       |   126 ||   126
       Punch             |       |       |     2 ||     2
       Hand axe          |       |       |    60 ||    60
 Fire: Sling             |    44 |   123 |   184 ||   351
Throw: Stone             |       |       |     4 ||     4
 Cast: Necrotise         |    33 |    25 |     9 ||    67
       Vampiric Draining |       |     8 |    49 ||    57
       Anguish           |       |       |    18 ||    18
       Animate Dead      |       |       |     5 ||     5
Invok: Unearth Wretches  |       |       |     3 ||     3
Evoke: Wand              |       |     3 |     5 ||     8
  Use: Scroll            |     2 |     3 |     7 ||    12
 Stab: Sleeping          |       |       |     2 ||     2
       Paralysed         |       |       |     1 ||     1
Armor: Robe              |     6 |    27 |   142 ||   175
Dodge: Dodged            |    19 |    46 |   241 ||   306

Table legend: (Time is in decaauts)
 A = Elapsed time spent in this place.
 B = Non-inter-level travel time spent in this place.
 C = Inter-level travel time spent in this place.
 D = Time resting spent in this place.
 E = Time spent auto-exploring this place.
 F = Levels seen in this place.
 G = Mean time per level.
                   A        B        C        D        E       F      G
               +--------+--------+--------+--------+--------+-----+--------+
         Total |   9471 |   8785 |    686 |    605 |   6683 |  10 |  947.1 |
       Dungeon |   9027 |   8432 |    595 |    605 |   6410 |   8 | 1128.4 |
        Temple |    376 |    285 |     91 |      0 |    273 |   1 |  376.0 |
         Abyss |     67 |     67 |      0 |      0 |      0 |   1 |   67.0 |
               +--------+--------+--------+--------+--------+-----+--------+

Top non-repeatable levels by time:
     D:7: 1548 daAuts
     D:6: 1380 daAuts
     D:5: 1337 daAuts
     D:2: 1309 daAuts
     D:4: 1133 daAuts
     D:1: 1052 daAuts
     D:3: 771 daAuts
     D:8: 494 daAuts
  Temple: 376 daAuts
 Abyss:1: 67 daAuts
